[Event "FIDE WCCC Girls-12 2024"]
[Site "Montesilvano"]
[Date "2024.11.18"]
[Round "3.22"]
[White "Ivaschenko, Anna"]
[Black "Mrad, Anahid"]
[Result "1-0"]
[ECO "E04"]
[WhiteElo "1732"]
[BlackElo "1558"]
[PlyCount "49"]
[EventDate "2024.11.18"]
[EventType "swiss"]
[EventCountry "ITA"]
[TimeControl "5400+30"]

1. d4 d5 2. c4 e6 3. Nf3 a6 4. g3 dxc4 5. Bg2 b5 6. O-O Nf6 7. a4 Bd7 8. axb5 Bxb5 9. Nc3 Bc6 10. Ne5 Bxg2 11. Kxg2 Nd5 12. Qa4+ Nd7 13. Nxd5 exd5 14. Qc6 Rb8 15. Qxd5 Nxe5 16. Qxe5+ Be7 17. Qxg7 Bf6 18. Qg4 Qd5+ 19. Qf3 Qxd4 20. Rxa6 Be5 21. Qc6+ Ke7 22. Be3 Qxb2 23. Bc5+ Kd8 24. Rd1+ Kc8 25. Qd7+ 1-0

[Event "FIDE WCCC Girls-12 2024"]
[Site "Montesilvano"]
[Date "2024.11.18"]
[Round "3.24"]
[White "Budhram, Kaylee"]
[Black "Li, Peishan"]
[Result "0-1"]
[ECO "E18"]
[WhiteElo "1614"]
[BlackElo "1729"]
[PlyCount "250"]
[EventDate "2024.11.18"]
[EventType "swiss"]
[EventCountry "ITA"]
[TimeControl "5400+30"]

1. d4 Nf6 2. c4 e6 3. Nf3 Be7 4. g3 O-O 5. Bg2 d5 6. O-O b6 7. Nc3 Bb7 8. Ne5 c5 9. e3 Nbd7 10. cxd5 exd5 11. Qa4 cxd4 12. exd4 Nxe5 13. dxe5 Nd7 14. Nxd5 Nxe5 15. Rd1 Qe8 16. Qxe8 Raxe8 17. Nxe7+ Rxe7 18. Bf4 Bxg2 19. Kxg2 Rfe8 20. Bxe5 Rxe5 21. Rac1 R5e7 22. b3 f6 23. Rc2 Kf7 24. h4 g6 25. Kf3 Rb7 26. Rcd2 Ree7 27. Rc2 Rb8 28. Kg2 Kg7 29. Kf3 Rbb7 30. Kg2 Kh6 31. Kf3 Re5 32. Rc6 Rf5+ 33. Kg2 Re7 34. Rc2 Rfe5 35. Kf3 Ra5 36. a4 Rf5+ 37. Kg2 Rfe5 38. Rd6 Kg7 39. Rd3 Re1 40. Rcd2 Kf7 41. Rd7 Rb1 42. Rxe7+ Kxe7 43. Rd3 Rb2 44. Kf3 Ke6 45. Ke3 Ke5 46. f4+ Ke6 47. Kf3 Rc2 48. Ke3 Rc1 49. Kd2 Rc5 50. Ke3 f5 51. Kf3 a6 52. Ke3 Rc2 53. Kf3 Rc1 54. Kf2 Ke7 55. Kg2 Re1 56. Kf2 Rc1 57. Kg2 Ke6 58. Kf2 Rc5 59. Ke3 Rc7 60. Kf3 Rb7 61. Ke3 Rc7 62. Kf3 Rc6 63. Ke3 Rc5 64. Kf3 Rd5 65. Re3+ Kd6 66. Rc3 Rc5 67. Rd3+ Kc6 68. Ke3 b5 69. axb5+ Kxb5 70. Kd4 Rc7 71. Ke3 Kb4 72. Kd2 a5 73. Rd5 Rc6 74. Rd3 Rc5 75. Re3 Rc6 76. Rd3 Rc8 77. Re3 Rc7 78. Rd3 Ka3 79. Rc3 Rxc3 80. Kxc3 Ka2 81. b4 axb4+ 82. Kxb4 Kb2 83. Kc4 Kc2 84. Kd5 Kd3 85. h5 Ke3 86. Ke5 Kf3 87. h6 Kxg3 88. Kf6 Kxf4 89. Kg7 g5 90. Kxh7 g4 91. Kg6 g3 92. h7 g2 93. h8=Q g1=Q+ 94. Kf7 Qa7+ 95. Ke6 Qb6+ 96. Kf7 Qc7+ 97. Kg6 Qc6+ 98. Kf7 Qd7+ 99. Kg6 Qe6+ 100. Kh5 Qf7+ 101. Kh6 Qe6+ 102. Kh5 Qe2+ 103. Kg6 Qg4+ 104. Kf7 Kg3 105. Qc3+ Qf3 106. Qe1+ Kh3 107. Qe6 Qh5+ 108. Ke7 Qg4 109. Qe3+ Qg3 110. Qh6+ Qh4+ 111. Qf6 Qxf6+ 112. Kxf6 f4 113. Ke5 f3 114. Ke4 f2 115. Kd5 f1=Q 116. Kc6 Qd3 117. Kc7 Qg6 118. Kd7 Kg4 119. Kc7 Kf5 120. Kb7 Ke5 121. Ka7 Kd5 122. Kb7 Qc6+ 123. Kb8 Qd7 124. Ka8 Kc6 125. Kb8 Qb7# 0-1

[Event "FIDE WCCC Girls-12 2024"]
[Site "Montesilvano"]
[Date "2024.11.18"]
[Round "3.25"]
[White "Ribreau, Anna"]
[Black "Liang, Candice"]
[Result "1-0"]
[ECO "A36"]
[WhiteElo "1726"]
[BlackElo "1551"]
[PlyCount "99"]
[EventDate "2024.11.18"]
[EventType "swiss"]
[EventCountry "ITA"]
[TimeControl "5400+30"]

1. e4 c5 2. c4 Nc6 3. Nc3 g6 4. g3 Bg7 5. Bg2 Nf6 6. Nge2 O-O 7. O-O d6 8. d3 Bg4 9. f3 Be6 10. Be3 a6 11. h3 Rb8 12. f4 b5 13. e5 Nd7 14. Bxc6 Bxh3 15. Bg2 Bxg2 16. Kxg2 dxe5 17. fxe5 Nxe5 18. cxb5 axb5 19. Bf4 Ng4 20. Qd2 e5 21. Be3 b4 22. Ne4 Qd5 23. Kg1 Rbc8 24. Nf2 Nf6 25. Bh6 Rfe8 26. Bxg7 Kxg7 27. Qc2 Nh5 28. Qc4 Qc6 29. Ne4 f5 30. Ng5 Rc7 31. g4 h6 32. gxh5 hxg5 33. hxg6 Kxg6 34. Ng3 f4 35. Ne4 g4 36. Qc2 g3 37. Qe2 Qd7 38. Kg2 Rh8 39. Rh1 Rcc8 40. Rxh8 Rxh8 41. Rh1 Rxh1 42. Kxh1 Qh3+ 43. Kg1 Kf5 44. Nxc5 Qh8 45. Qe4+ Kg4 46. Qe2+ Kf5 47. a4 bxa3 48. bxa3 Qb8 49. Qh5+ Kf6 50. Nd7+ 1-0

[Event "FIDE WCCC Girls-12 2024"]
[Site "Montesilvano"]
[Date "2024.11.18"]
[Round "3.26"]
[White "Telyuk, Anastasiya"]
[Black "Xikmatkhonova, Mokhinur"]
[Result "1-0"]
[ECO "A31"]
[WhiteElo "1603"]
[BlackElo "1726"]
[PlyCount "139"]
[EventDate "2024.11.18"]
[EventType "swiss"]
[EventCountry "ITA"]
[TimeControl "5400+30"]

1. e4 c5 2. Nf3 e6 3. d4 cxd4 4. Nxd4 a6 5. c4 Nf6 6. Nc3 Qc7 7. a3 b6 8. Be3 Bb7 9. f3 Be7 10. Be2 d6 11. Rc1 Nbd7 12. O-O O-O 13. Qd2 Rac8 14. Rfd1 Rfe8 15. b4 Qb8 16. Nb3 Bd8 17. Bf1 Bc7 18. Bf4 Ne5 19. Bxe5 dxe5 20. c5 Rcd8 21. Qe2 a5 22. Na4 Qa7 23. Rxd8 Rxd8 24. Qb5 bxc5 25. Qxc5 Bb8 26. Nxa5 Nd7 27. Qxa7 Bxa7+ 28. Kh1 Ba8 29. Bb5 Nf6 30. Nc5 g5 31. Bc6 Bxc5 32. bxc5 Bxc6 33. Nxc6 Ra8 34. Nxe5 Rxa3 35. c6 Ne8 36. h4 Ra5 37. Ng4 Nc7 38. hxg5 Rxg5 39. e5 Kg7 40. Rc5 Rf5 41. Nf6 Kf8 42. Nxh7+ Ke7 43. Nf6 Rf4 44. Ne4 Rh4+ 45. Kg1 Rh8 46. Ra5 Ra8 47. Rxa8 Nxa8 48. Kf2 Kd8 49. Ke3 Kc7 50. Ng5 Kxc6 51. Nxf7 Nb6 52. g4 Kd7 53. f4 Nd5+ 54. Ke4 Nc3+ 55. Kd4 Nb5+ 56. Kc5 Nc3 57. Kd4 Ne2+ 58. Ke3 Nc3 59. Ng5 Nd5+ 60. Ke4 Nc3+ 61. Kd3 Nd5 62. f5 exf5 63. gxf5 Nf4+ 64. Ke4 Nh5 65. f6 Ke8 66. Kf3 Kf8 67. Kg4 Nxf6+ 68. exf6 Kg8 69. Kf5 Kf8 70. Ke6 1-0

[Event "FIDE WCCC Girls-12 2024"]
[Site "Montesilvano"]
[Date "2024.11.18"]
[Round "3.27"]
[White "Oksanen, Maria"]
[Black "Li, Yeeshuen"]
[Result "1-0"]
[ECO "C78"]
[WhiteElo "1725"]
[BlackElo "1546"]
[PlyCount "75"]
[EventDate "2024.11.18"]
[EventType "swiss"]
[EventCountry "ITA"]
[TimeControl "5400+30"]

1. e4 e5 2. Nf3 Nc6 3. Bb5 a6 4. Ba4 Nf6 5. O-O b5 6. Bb3 Bc5 7. c3 O-O 8. Re1 d6 9. d4 exd4 10. cxd4 Bb6 11. Bg5 h6 12. Bxf6 Qxf6 13. Bd5 Bb7 14. Qc1 Nd8 15. Bxb7 Nxb7 16. Nc3 c5 17. Rd1 Rac8 18. Nd5 Qd8 19. Qf4 Na5 20. e5 cxd4 21. exd6 Bc5 22. Ne7+ Kh8 23. Nxc8 Qxc8 24. Nxd4 Nc4 25. Nf5 Qe6 26. Re1 Qf6 27. d7 Nd6 28. Qe5 Qxf5 29. Qxf5 Nxf5 30. Re8 Rg8 31. Rxg8+ Kxg8 32. d8=Q+ Kh7 33. Qd5 Bxf2+ 34. Kxf2 g6 35. Qxf7+ Kh8 36. Rd1 Ng7 37. Rd7 Kh7 38. Qxg7# 1-0

[Event "FIDE WCCC Girls-12 2024"]
[Site "Montesilvano"]
[Date "2024.11.18"]
[Round "3.28"]
[White "Tsinjoviniavo, Aina Mahasambatra"]
[Black "Zavivaeva, Angelina"]
[Result "0-1"]
[ECO "B14"]
[WhiteElo "1716"]
[BlackElo "1499"]
[PlyCount "94"]
[EventDate "2024.11.18"]
[EventType "swiss"]
[EventCountry "ITA"]
[TimeControl "5400+30"]

1. e4 c6 2. c4 d5 3. cxd5 cxd5 4. exd5 Nf6 5. Nc3 Nxd5 6. Nf3 e6 7. d4 Bb4 8. Qc2 O-O 9. Bd3 h6 10. O-O Nc6 11. Rd1 Qf6 12. Ne4 Qe7 13. Ng3 Bd7 14. Qe2 Rac8 15. Be4 Rfe8 16. Ne5 a6 17. a4 Bd6 18. Nxd7 Qxd7 19. Bxh6 Bxg3 20. Qg4 Bxf2+ 21. Kxf2 f5 22. Qg3 fxe4 23. Bg5 Rf8+ 24. Kg1 Rf5 25. Re1 Rcf8 26. Rxe4 Ndb4 27. Rc1 Qd5 28. Bh6 R8f7 29. Rg4 Qd7 30. h4 Kh8 31. Rd1 Nd5 32. Re1 Nf6 33. Rg6 gxh6 34. Rxh6+ Rh7 35. Rxf6 Qxd4+ 36. Re3 Qxf6 37. Re1 Qd4+ 38. Qe3 Qxe3+ 39. Rxe3 Rxh4 40. Rxe6 Nd4 41. Re8+ Kg7 42. g3 Rg4 43. Re7+ Kf6 44. Rxb7 Ne2+ 45. Kh2 Rxg3 46. Rb6+ Ke5 47. Re6+ Kxe6 0-1

[Event "FIDE WCCC Girls-12 2024"]
[Site "Montesilvano"]
[Date "2024.11.18"]
[Round "3.29"]
[White "Sevastsyanchuk, Anastasiya"]
[Black "Xia, Miaoyan"]
[Result "0-1"]
[ECO "C89"]
[WhiteElo "1595"]
[BlackElo "1711"]
[PlyCount "110"]
[EventDate "2024.11.18"]
[EventType "swiss"]
[EventCountry "ITA"]
[TimeControl "5400+30"]

1. e4 e5 2. Nf3 Nc6 3. Bb5 a6 4. Ba4 Nf6 5. O-O Be7 6. Re1 b5 7. Bb3 O-O 8. d3 Bb7 9. c3 d5 10. exd5 Nxd5 11. Nxe5 Na5 12. Bc2 Bd6 13. d4 Re8 14. Bxh7+ Kxh7 15. Qh5+ Kg8 16. Re4 Bxe5 17. Rh4 Kf8 18. dxe5 Nf6 19. Qh8+ Ng8 20. Rd4 Qf6 21. Be3 Rxe5 22. Nd2 Qg6 23. Qh3 Rh5 24. Rg4 Rxh3 25. Bc5+ Ne7 26. Rxg6 fxg6 27. gxh3 Kf7 28. Re1 Nf5 29. Ne4 Bxe4 30. Rxe4 Rd8 31. a4 Nb7 32. Ba3 c5 33. axb5 axb5 34. Re5 Nh4 35. Kf1 Nf3 36. Re3 Nd2+ 37. Kg2 Nc4 38. Rf3+ Kg8 39. Rg3 Nxa3 40. bxa3 Kh7 41. Re3 Ra8 42. Re7 Nd6 43. Re5 c4 44. Rd5 Ne4 45. Rxb5 Rxa3 46. Re5 Nxc3 47. Rc5 Ra4 48. f3 Na2 49. h4 c3 50. h5 gxh5 51. Rxh5+ Kg6 52. Rc5 Rb4 53. Kg3 Rb2 54. Rc6+ Kh7 55. f4 c2 0-1

[Event "FIDE WCCC Girls-12 2024"]
[Site "Montesilvano"]
[Date "2024.11.18"]
[Round "3.31"]
[White "Saharkar, Sharvari"]
[Black "Gailevska, Milana"]
[Result "0-1"]
[ECO "C02"]
[WhiteElo "1581"]
[BlackElo "1698"]
[PlyCount "42"]
[EventDate "2024.11.18"]
[EventType "swiss"]
[EventCountry "ITA"]
[TimeControl "5400+30"]

1. e4 e6 2. d4 d5 3. e5 c5 4. c3 Qb6 5. Nf3 Nc6 6. Bd3 cxd4 7. cxd4 Bd7 8. Bc2 Nb4 9. Nc3 Nxc2+ 10. Qxc2 Ne7 11. Be3 Nf5 12. Rd1 Rc8 13. Qd2 Bb5 14. Rc1 Bb4 15. a3 Bxc3 16. Rxc3 O-O 17. Ng1 Rxc3 18. bxc3 Nh4 19. f3 Bc4 20. Kf2 Qb1 21. g3 Qf1# 0-1

[Event "FIDE WCCC Girls-12 2024"]
[Site "Montesilvano"]
[Date "2024.11.18"]
[Round "3.33"]
[White "Hrckova, Anna"]
[Black "Siskou, Evangelia"]
[Result "0-1"]
[ECO "B38"]
[WhiteElo "1441"]
[BlackElo "1884"]
[PlyCount "46"]
[EventDate "2024.11.18"]
[EventType "swiss"]
[EventCountry "ITA"]
[TimeControl "5400+30"]

1. e4 c5 2. Nf3 Nc6 3. d4 cxd4 4. Nxd4 g6 5. c4 Bg7 6. Be3 Nf6 7. Nc3 O-O 8. Be2 d6 9. O-O Bd7 10. h3 Nxd4 11. Bxd4 Bc6 12. Qd3 a5 13. Rfd1 a4 14. Rab1 Qa5 15. a3 Qg5 16. Be3 Qh4 17. f4 Nd7 18. Kh2 Nc5 19. Qc2 Bxc3 20. g3 Qf6 21. Bxc5 dxc5 22. e5 Bxe5 23. fxe5 Qf2# 0-1

[Event "FIDE WCCC Girls-12 2024"]
[Site "Montesilvano"]
[Date "2024.11.18"]
[Round "3.34"]
[White "Wang, Tianmu"]
[Black "Kovalskyy, Alicia"]
[Result "1-0"]
[ECO "B50"]
[WhiteElo "1640"]
[BlackElo "1871"]
[PlyCount "75"]
[EventDate "2024.11.18"]
[EventType "swiss"]
[EventCountry "ITA"]
[TimeControl "5400+30"]

1. e4 c5 2. Nf3 d6 3. c3 Nf6 4. Qc2 Nc6 5. d4 cxd4 6. cxd4 Bg4 7. Nbd2 Rc8 8. d5 Na5 9. Qa4+ Bd7 10. Bb5 a6 11. Bxd7+ Nxd7 12. O-O b5 13. Qd4 Qb6 14. Qd3 Nc4 15. Nxc4 Rxc4 16. Be3 Nc5 17. Qd2 Qc7 18. Bxc5 Rxc5 19. Rac1 e6 20. Nd4 Qd7 21. b4 Rxc1 22. Rxc1 e5 23. Nc6 Be7 24. Nxe7 Kxe7 25. Qg5+ Kf8 26. Rc6 h6 27. Qc1 g5 28. Rxa6 Kg7 29. Rc6 Ra8 30. a3 Ra4 31. h3 Qa7 32. Rxd6 Rxa3 33. Qb2 Ra1+ 34. Kh2 f6 35. Qc2 Ra2 36. Qc5 Qa4 37. Rd7+ Kg6 38. Qf8 1-0

[Event "FIDE WCCC Girls-12 2024"]
[Site "Montesilvano"]
[Date "2024.11.18"]
[Round "3.35"]
[White "Lukin, Yesenia"]
[Black "Istratova, Nika"]
[Result "1/2-1/2"]
[ECO "D02"]
[WhiteElo "1732"]
[BlackElo "1473"]
[PlyCount "156"]
[EventDate "2024.11.18"]
[EventType "swiss"]
[EventCountry "ITA"]
[TimeControl "5400+30"]

1. d4 d5 2. Bf4 Nf6 3. e3 e6 4. Nf3 Nbd7 5. Bd3 b6 6. Nbd2 Bb7 7. c3 Ne4 8. Qc2 Ndf6 9. Be5 Bd6 10. Bxd6 Qxd6 11. h3 a5 12. Rc1 O-O 13. O-O Ba6 14. c4 Nxd2 15. Nxd2 c5 16. cxd5 Bxd3 17. Qxd3 Qxd5 18. Qc4 cxd4 19. exd4 Rad8 20. Nf3 Rfe8 21. Rfe1 Qxc4 22. Rxc4 Rd6 23. Re5 h6 24. Rb5 Nd5 25. Kh2 Kh7 26. Kg3 f6 27. Nd2 Rdd8 28. Nf3 Rc8 29. b3 Rb8 30. Rc6 Kg8 31. Ng1 Kf7 32. Ne2 Red8 33. Nf4 Nxf4 34. Kxf4 Rxd4+ 35. Ke3 Rb4 36. Rxb4 axb4 37. Rc4 e5 38. Rxb4 Ke6 39. f4 exf4+ 40. Kxf4 Kd5 41. a4 Kc6 42. Kf5 Rb7 43. a5 b5 44. Rg4 b4 45. a6 Ra7 46. Rxb4 Rxa6 47. Rg4 Ra7 48. Kg6 Rb7 49. Kh7 f5 50. Rg6+ Kd5 51. Rxg7 Rxb3 52. Kxh6 f4 53. Rf7 Rg3 54. Rxf4 Rxg2 55. h4 Ke6 56. h5 Ke5 57. Rf7 Rg4 58. Kh7 Rg5 59. h6 Ke6 60. Rg7 Rf5 61. Kg8 Ra5 62. Kh7 Rf5 63. Kg6 Rf6+ 64. Kg5 Rf5+ 65. Kg4 Rf6 66. h7 Rh6 67. Kg5 Rh1 68. Kg6 Rg1+ 69. Kh6 Rh1+ 70. Kg5 Rg1+ 71. Kf4 Rf1+ 72. Ke3 Rh1 73. Kf3 Kf6 74. Ra7 Kg6 75. Kg4 Rxh7 76. Ra6+ Kg7 77. Kg5 Kh8 78. Kg6 Rg7+ 1/2-1/2

[Event "FIDE WCCC Girls-12 2024"]
[Site "Montesilvano"]
[Date "2024.11.18"]
[Round "3.36"]
[White "Liu, Jingyu"]
[Black "Chichinadze, Anastasia"]
[Result "0-1"]
[ECO "E40"]
[WhiteElo "1680"]
[BlackElo "1682"]
[PlyCount "64"]
[EventDate "2024.11.18"]
[EventType "swiss"]
[EventCountry "ITA"]
[TimeControl "5400+30"]

1. d4 Nf6 2. c4 e6 3. Nc3 Bb4 4. e3 Bxc3+ 5. bxc3 d6 6. g3 O-O 7. Bg2 e5 8. Ne2 Nc6 9. Ba3 Re8 10. Rb1 e4 11. O-O Rb8 12. d5 Ne5 13. Qa4 Bg4 14. Nd4 Qc8 15. Rb2 Nf3+ 16. Kh1 Nxd4 17. cxd4 Bf3 18. Kg1 Qf5 19. h3 h5 20. Qc2 h4 21. Kh2 Bxg2 22. Kxg2 Qf3+ 23. Kg1 hxg3 24. fxg3 Qxe3+ 25. Qf2 Qxa3 26. Rb3 Qa4 27. g4 Qd7 28. g5 Nh5 29. Qh4 g6 30. Re3 Re7 31. Kg2 Qa4 32. Rc3 e3 0-1

[Event "FIDE WCCC Girls-12 2024"]
[Site "Montesilvano"]
[Date "2024.11.18"]
[Round "3.37"]
[White "Potikha, Shelley"]
[Black "Ivanova, Gabriela"]
[Result "1-0"]
[ECO "B12"]
[WhiteElo "1561"]
[BlackElo "1680"]
[PlyCount "121"]
[EventDate "2024.11.18"]
[EventType "swiss"]
[EventCountry "ITA"]
[TimeControl "5400+30"]

1. e4 c6 2. d4 d5 3. e5 Bf5 4. h4 h6 5. g4 Bh7 6. e6 fxe6 7. Bd3 Bxd3 8. Qxd3 Nf6 9. Qg6+ Kd7 10. Nf3 Qb6 11. Ne5+ Kc8 12. Qf7 Qxd4 13. Qxe6+ Nbd7 14. Nxd7 Nxd7 15. O-O h5 16. Bg5 Qxg4+ 17. Qxg4 hxg4 18. Nc3 Nf6 19. Rfe1 Kd7 20. Rad1 e6 21. Ne4 Be7 22. c4 Rae8 23. cxd5 cxd5 24. Kg2 Kc8 25. Rc1+ Kb8 26. Bf4+ Ka8 27. Nd6 Bxd6 28. Bxd6 Rxh4 29. Bg3 Rh7 30. Rc7 g6 31. Rec1 Rxc7 32. Rxc7 Rd8 33. Bh4 Kb8 34. Rf7 Rd7 35. Rxf6 d4 36. Bg3+ Kc8 37. Rf8+ Rd8 38. Rxd8+ Kxd8 39. Be5 d3 40. Bc3 e5 41. Kg3 Ke7 42. Kxg4 Kf6 43. f4 Ke6 44. fxe5 d2 45. Bxd2 Kxe5 46. Kg5 Kd4 47. Bc3+ Kc4 48. Kxg6 b5 49. a3 Kb3 50. Kf5 Kc4 51. Ke4 a6 52. Ke5 Kc5 53. Bb4+ Kc4 54. Kd6 Kb3 55. Bc3 Ka4 56. Kc5 a5 57. Bd2 b4 58. axb4 axb4 59. Bxb4 Kb3 60. Bc3 Ka4 61. b4 1-0

[Event "FIDE WCCC Girls-12 2024"]
[Site "Montesilvano"]
[Date "2024.11.18"]
[Round "3.38"]
[White "Moscovitch, Shelly"]
[Black "Chen, Pin-I"]
[Result "1/2-1/2"]
[ECO "B18"]
[WhiteElo "1552"]
[BlackElo "1601"]
[PlyCount "62"]
[EventDate "2024.11.18"]
[EventType "swiss"]
[EventCountry "ITA"]
[TimeControl "5400+30"]

1. e4 c6 2. d4 d5 3. Nd2 dxe4 4. Nxe4 Bf5 5. Ng3 Bg6 6. c3 Nd7 7. Nf3 h6 8. Bc4 Ngf6 9. O-O e6 10. Re1 Be7 11. Be3 O-O 12. Bb3 Rc8 13. Qe2 c5 14. Rad1 Qc7 15. Bc2 Bxc2 16. Qxc2 Nd5 17. dxc5 Nxe3 18. Rxe3 Bxc5 19. Re2 Rfd8 20. Ne4 Be7 21. Red2 Nf6 22. Nxf6+ Bxf6 23. Re1 Rxd2 24. Qxd2 Rd8 25. Qe3 a6 26. h3 Qd6 27. Qe4 Qd5 28. Qb4 Rd7 29. Qa4 Rd8 30. Qb4 Rd7 31. Qa4 Rd8 1/2-1/2

[Event "FIDE WCCC Girls-12 2024"]
[Site "Montesilvano"]
[Date "2024.11.18"]
[Round "3.39"]
[White "Messali Anger, Ilyana"]
[Black "Yang, Hayeon"]
[Result "1-0"]
[ECO "C78"]
[WhiteElo "1687"]
[BlackElo "1482"]
[PlyCount "79"]
[EventDate "2024.11.18"]
[EventType "swiss"]
[EventCountry "ITA"]
[TimeControl "5400+30"]

1. e4 e5 2. Nf3 Nc6 3. Bb5 a6 4. Ba4 Nf6 5. O-O b5 6. Bb3 Bc5 7. Nxe5 Nxe5 8. d4 Bxd4 9. Qxd4 Nc6 10. Qd3 d6 11. c3 h6 12. Qg3 g6 13. Bd5 Nxd5 14. exd5 Ne7 15. Re1 Bb7 16. Qh4 Bxd5 17. Bg5 Be6 18. Nd2 Qd7 19. Ne4 O-O-O 20. Bxe7 g5 21. Qg3 Qxe7 22. a4 Qd7 23. Nf6 Qc6 24. axb5 Qxb5 25. Qf3 Qb7 26. Re4 Qxb2 27. Rea4 Qb7 28. Qg3 Qb5 29. Rxa6 Bd5 30. Qg4+ Be6 31. Qe4 d5 32. Qd4 c6 33. Qe5 Kb7 34. Ra7+ Kb6 35. Qc7+ Kc5 36. R7a5 Qxa5 37. Rxa5+ Kc4 38. Qxc6+ Kd3 39. Qb5+ Kxc3 40. Qc5+ 1-0

[Event "FIDE WCCC Girls-12 2024"]
[Site "Montesilvano"]
[Date "2024.11.18"]
[Round "3.40"]
[White "Radenkovic, Lena"]
[Black "Prokofieva, Alexandra"]
[Result "1-0"]
[ECO "A07"]
[WhiteElo "1675"]
[BlackElo "1467"]
[PlyCount "121"]
[EventDate "2024.11.18"]
[EventType "swiss"]
[EventCountry "ITA"]
[TimeControl "5400+30"]

1. Nf3 d5 2. g3 Nc6 3. Bg2 e5 4. d3 Nf6 5. O-O Bc5 6. Bg5 h6 7. Bh4 O-O 8. Nbd2 Bf5 9. Re1 Qd6 10. e4 Bh7 11. exd5 Nxd5 12. Nc4 Qd7 13. Nfxe5 Nxe5 14. Nxe5 Qd6 15. c3 f6 16. d4 Bb6 17. Nc4 Qd7 18. Qb3 Kh8 19. Nxb6 Nxb6 20. g4 Qxg4 21. Bg3 c6 22. Re7 Bg8 23. Qd1 Qg5 24. Rxb7 Nd5 25. c4 Nf4 26. Bxf4 Qxf4 27. Bxc6 Qg5+ 28. Bg2 Bxc4 29. Qc1 Rac8 30. Qxg5 fxg5 31. Rxa7 Rfd8 32. Rd1 Rd6 33. a3 Bb3 34. Rd2 Rcd8 35. Ra8 Rxa8 36. Bxa8 Kg8 37. Bf3 Kf7 38. Bd1 Bd5 39. b4 Re6 40. Kf1 Bc4+ 41. Be2 Bxe2+ 42. Rxe2 Rd6 43. Rd2 Ke6 44. Ke2 Kd5 45. Kd3 Kc6 46. Kc4 h5 47. d5+ Kb6 48. Re2 Rd7 49. Re6+ Kb7 50. Kc5 Rc7+ 51. Rc6 Rf7 52. Kb5 Rxf2 53. Rg6 g4 54. Rxg7+ Rf7 55. Rxf7+ Kc8 56. Rh7 g3 57. hxg3 h4 58. gxh4 Kb8 59. Kc6 Ka8 60. Kb6 Kb8 61. Rh8# 1-0

[Event "FIDE WCCC Girls-12 2024"]
[Site "Montesilvano"]
[Date "2024.11.18"]
[Round "3.41"]
[White "Groselj, Mirjam"]
[Black "Dzafic, Merjem"]
[Result "1/2-1/2"]
[ECO "B13"]
[WhiteElo "1470"]
[BlackElo "1568"]
[PlyCount "93"]
[EventDate "2024.11.18"]
[EventType "swiss"]
[EventCountry "ITA"]
[TimeControl "5400+30"]

1. e4 c6 2. d4 d5 3. exd5 cxd5 4. Bd3 Nc6 5. Nf3 Bg4 6. c3 e6 7. O-O Be7 8. Bf4 Nf6 9. Nbd2 O-O 10. Re1 Rc8 11. Nf1 Qb6 12. Qd2 Bxf3 13. gxf3 Rfd8 14. Ng3 h6 15. Kh1 a6 16. Rg1 Kf8 17. Ne2 Bd6 18. Be3 Qc7 19. Rg2 Ne8 20. Rag1 Ne7 21. Bxh6 gxh6 22. Qxh6+ Ng7 23. Qh8+ Ng8 24. Qxg7+ Ke7 25. Qg5+ Nf6 26. Ng3 Rg8 27. Qd2 Bf4 28. Qc2 Rh8 29. b3 Rh6 30. Rd1 Rch8 31. Kg1 Nh5 32. Qb2 Nxg3 33. fxg3 Be3+ 34. Kh1 Bg5 35. Rf1 f5 36. f4 Bf6 37. c4 dxc4 38. bxc4 Qc6 39. Kg1 Qd6 40. Qxb7+ Kf8 41. Kh1 Qxd4 42. Qb4+ Be7 43. Qd2 Bf6 44. Rb1 Kf7 45. Rc1 Qb6 46. c5 Qc6 47. Kg1 1/2-1/2

[Event "FIDE WCCC Girls-12 2024"]
[Site "Montesilvano"]
[Date "2024.11.18"]
[Round "3.42"]
[White "Laurincova, Timea"]
[Black "Liu, Lillian Yu-Ning"]
[Result "1-0"]
[ECO "C47"]
[WhiteElo "1549"]
[BlackElo "1456"]
[PlyCount "99"]
[EventDate "2024.11.18"]
[EventType "swiss"]
[EventCountry "ITA"]
[TimeControl "5400+30"]

1. e4 e5 2. Nf3 Nc6 3. Nc3 Nf6 4. d4 d5 5. dxe5 Nxe4 6. Qxd5 Qxd5 7. Nxd5 Kd8 8. Bd3 Nc5 9. Bg5+ Be7 10. Nxe7 Nxe7 11. O-O-O Ke8 12. Bc4 Be6 13. Bxe6 Nxe6 14. Bxe7 Kxe7 15. Rd2 c5 16. h4 b5 17. Ng5 a6 18. Rhd1 Rad8 19. Rxd8 Rxd8 20. Rxd8 Nxd8 21. Kd2 Nc6 22. f4 h6 23. Ne4 c4 24. Nd6 f6 25. Nf5+ Kf7 26. e6+ Kxe6 27. Nxg7+ Kf7 28. Nf5 Kg6 29. Ne3 Kh5 30. g3 Kg6 31. c3 Ne7 32. Ke2 Nf5 33. h5+ Kxh5 34. Nxf5 Kg4 35. Nxh6+ Kxg3 36. Ke3 a5 37. a3 Kh4 38. Ng8 f5 39. Nf6 Kg3 40. Nd5 Kg2 41. Nc7 Kf1 42. Nxb5 Ke1 43. Nd6 Kd1 44. Nxc4 a4 45. Nb6 Kc2 46. Nxa4 Kb3 47. Nb6 Kc2 48. c4 Kxb2 49. c5 Kxa3 50. c6 1-0

[Event "FIDE WCCC Girls-12 2024"]
[Site "Montesilvano"]
[Date "2024.11.18"]
[Round "3.45"]
[White "Jung, Minju"]
[Black "Canossa, Elena"]
[Result "1-0"]
[ECO "C42"]
[WhiteElo "1457"]
[BlackElo "1482"]
[PlyCount "103"]
[EventDate "2024.11.18"]
[EventType "swiss"]
[EventCountry "ITA"]
[TimeControl "5400+30"]

1. e4 e5 2. Nf3 Nf6 3. Nc3 Bb4 4. Nxe5 O-O 5. Bc4 Bxc3 6. dxc3 Nxe4 7. O-O Qf6 8. Ng4 Qf5 9. Bd3 d5 10. f3 Qd7 11. c4 c6 12. cxd5 cxd5 13. c4 f5 14. Ne3 d4 15. Nxf5 Rxf5 16. Bxe4 Rc5 17. Qd3 Rh5 18. Bd5+ Kh8 19. Qxd4 Nc6 20. Qc5 Qe7 21. Qxe7 Nxe7 22. Re1 Bd7 23. Rxe7 Bc6 24. Bxc6 bxc6 25. Be3 a5 26. Bd4 Rg5 27. Rae1 h6 28. Re8+ Rxe8 29. Rxe8+ Kh7 30. c5 Rd5 31. Re4 Kg8 32. Rg4 g5 33. h4 Kh7 34. hxg5 hxg5 35. Kf2 Kg6 36. Ke3 Kf5 37. Re4 Rd7 38. g4+ Kg6 39. Re6+ Kf7 40. Rxc6 Re7+ 41. Kd3 Re6 42. Rxe6 Kxe6 43. Kc4 Kd7 44. Kd5 Kc7 45. c6 Kc8 46. Kd6 a4 47. c7 a3 48. bxa3 Kb7 49. Kd7 Ka6 50. c8=Q+ Ka5 51. Qb7 Ka4 52. Qb4# 1-0